AoeStats
← LeCoumik

Black Forest

503192575Analyzed
3v3 RM · 1mo ago on Aug 30, 2026· 26m 50s· 6 players
Game mode
Random Map
Map size
Normal (6 player)
Population
200
Speed
Normal
Resources
Standard
Victory
Conquest
Starting age
Dark Age
Ending age
Imperial Age
RankedLock teamsTeams togetherTeam positionsShared explorationLock speedFull tech treeHidden civsTurbo modeCheats
Victory
Defeat
🇧🇷 Khmer · Brazil
1047
+9
🇧🇷 Romans · Brazil
978
+12
🇧🇷 Celts · Brazil
818
+19
🇫🇷 Britons · France
945
-46
🇫🇷 Goths · France
874
-35
🇫🇷 Britons · France
839
-31
CRACKOW.
4:50 Loom
13:55 Feudal Age
15:34 Wheelbarrow
14:47 Town Watch
medvedevodka
1:11 Loom
11:59 Feudal Age
13:33 Wheelbarrow
13:33 Double-Bit Axe
15:07 Horse Collar
19:49 Man-at-Arms
23:12 Fletching
23:32 Forging
23:23 Scale Mail Armor
23:23 Padded Archer Armor
LeCoumik
4:43 Loom
11:25 Feudal Age
15:44 Forging
17:41 Wheelbarrow
19:55 Man-at-Arms
26:41 Scale Mail Armor
BARBARUIVA
0:27 Loom
11:41 Feudal Age
18:36 Castle Age
20:46 Husbandry
21:28 Bloodlines
jhonkiller
6:57 Loom
9:05 Feudal Age
13:00 Castle Age
12:59 Double-Bit Axe
23:33 Bow Saw
23:04 Horse Collar
Tchuca
0:28 Loom
13:16 Feudal Age
13:59 Double-Bit Axe
15:52 Wheelbarrow
20:04 Castle Age
19:36 Horse Collar
20:31 Arson
20:48 Pikeman
22:31 Heavy Plow
22:54 Scale Mail Armor
24:49 Forging
Connection lost

Rejoining the realm…

Still unreachable

The connection could not be restored.

Session expired

The server has moved on; the page needs a fresh start.